 Dungeon Crawl Stone Soup version bcrawl-1.19.1 (webtiles) character file.

Game seed: 3353229004475183068

112 Freyura the Skirmisher (level 4, -1/41 HPs)
             Began as a Hill Orc Fighter on Dec 8, 2019.
             Slain by an orc wizard
             ... wielding a +0 dagger
              (2 damage)
             ... on level 3 of the Dungeon.
             The game lasted 00:03:45 (1737 turns).

Freyura the Skirmisher (Hill Orc Fighter)           Turns: 1737, Time: 00:03:46

Health: -1/41      AC:  4    Str: 23    XL:     4   Next: 93%
Magic:  4/4        EV:  7    Int:  3    God:
Gold:   178        SH: 10    Dex: 11    Spells: 3/3 levels left

rFire    . . .     SeeInvis .   a - +0 flail
rCold    . . .     Gourm    .   c - +0 shield
rNeg     . . .     Faith    .   b - +0 scale mail
rPois    .         Spirit   .   (no helmet)
rElec    .         Reflect  .   (no cloak)
rCorr    .         Harm     .   (no gloves)
MR       .....                  (no boots)
Stlth    ++........             (no amulet)
HPRegen  0.13/turn              h - -5 ring of intelligence (curse)
MPRegen  0.09/turn              i - ring of stealth

@: mighty
A: deformed body, wild magic 1
a: no special abilities


You were on level 3 of the Dungeon.
You were not hungry.

You visited 1 branch of the dungeon, and saw 3 of its levels.

You collected 178 gold pieces.

Inventory:

Hand Weapons
 a - a +0 flail (weapon)
Armour
 b - a +0 scale mail (worn)
 c - a +0 shield (worn)
Jewellery
 h - a cursed -5 ring of intelligence (left hand)
 i - a ring of stealth (right hand)
Scrolls
 g - 3 scrolls of identify
Potions
 j - a potion of resistance
Comestibles
 f - 6 rations {!d}


   Skills:
 * Level 4.9 Fighting
   Level 4.9 Short Blades
   Level 4.9 Long Blades
   Level 4.9 Axes
   Level 4.9 Maces & Flails
   Level 4.9 Polearms
   Level 4.9 Staves
 + Level 4.1 Armour
 + Level 4.1 Shields
   Level 4.9 Unarmed Combat


You had 3 spell levels left.
You didn't know any spells.
Your spell library was empty.

Dungeon Overview and Level Annotations

Branches:
Dungeon (3/12)

Altars:


Innate Abilities, Weirdness & Mutations

Armour fits poorly on your strangely shaped body.
Your spells are a little harder to cast, but a little more powerful.


Message History

Deactivating autopickup; reactivate with Ctrl-A.
You sock the bat!
You kill the bat!
Something hits you but does no damage.
You sock the orc!
You kill the orc!
The leopard gecko bites you but does no damage.
You hit the leopard gecko.
You kill the leopard gecko!
The orc wizard casts a spell at you. Something hits you.
* * * LOW HITPOINT WARNING * * *
The orc wizard casts a spell at you. The magic dart hits you!
* * * LOW HITPOINT WARNING * * *
You hear some strange, mumbled words.
A puff of flame appears from out of thin air!
The puff of flame misses you.
The orc wizard hits you with a +0 dagger.
You die...

.. #. ..
#. #!
#.##
#..######
#<.@...#
###{o..#
#......#
#....###
#..?.#
#....#
#....#
#....#


You could see an orc wizard.

Vanquished Creatures
  2 orc wizards (D:3)
  A worm (D:2)
  4 dart slugs
  5 leopard geckos
  2 orcs
  A ball python (D:1)
  3 goblins (D:1)
  4 hobgoblins
  2 quokkas (D:2)
  5 bats
  2 frilled lizards (D:2)
  4 kobolds
  7 rats
42 creatures vanquished.

Notes
Turn   | Place    | Note
-------+----------+-------------------------------------------
     0 | D:1      | Freyura the Hill Orc Fighter began the quest for the Orb.
     0 | D:1      | Reached XP level 1. HP: 20/20 MP: 1/1
   266 | D:1      | Reached XP level 2. HP: 23/27 MP: 2/2
   941 | D:2      | Reached XP level 3. HP: 28/34 MP: 3/3
  1699 | D:2      | Gained mutation: Armour fits poorly on your strangely
                  | shaped body. [potion of mutation]
  1699 | D:2      | Gained mutation: Your spells are a little harder to cast,
                  | but a little more powerful. [potion of mutation]
  1728 | D:3      | Reached XP level 4. HP: 17/41 MP: 4/4
  1737 | D:3      | HP: 1/41 [orc wizard/magic dart (5)]
  1737 | D:3      | Slain by an orc wizard

Skill      XL: |  1  2  3  4 |
---------------+-------------+-----
Armour         | 4 |  4.1
Shields        | 4 |  4.1
Fighting       | |  4.9
Short Blades   | |  4.9
Long Blades    | |  4.9
Axes           | |  4.9
Maces & Flails | |  4.9
Polearms       | |  4.9
Staves         | |  4.9
Unarmed Combat | |  4.9

Action                   |  1- 3 |  4- 6 || total
-------------------------+-------+-------++-------
Melee: Flail             |   141 |     8 ||   149
  Use: Scroll            |     4 |       ||     4
       Potion            |     2 |       ||     2
 Stab: Sleeping          |     3 |       ||     3
  Eat: Chunk             |     3 |       ||     3
Armor: Scale mail        |    55 |     7 ||    62
Dodge: Dodged            |    40 |     3 ||    43
Block: Shield            |    59 |     5 ||    64
